 Dungeon Crawl Stone Soup version 0.17-a0-1255-gd996e2d (console) character file.

28 Monkaria the Skirmisher (level 3, 26/30 HPs)
             Began as a Demonspawn Chaos Knight on June 6, 2015.
             Quit the game on level 2 of the Dungeon.
             The game lasted 00:01:04 (1098 turns).

Monkaria the Skirmisher (Demonspawn Chaos Knight)   Turns: 1098, Time: 00:01:05

Health: 26/30      AC:  5    Str: 13    XL:     3   Next: 0%
Magic:  3/3        EV: 11    Int: 13    God:    Xom [*.....]
Gold:   49         SH:  0    Dex: 12    Spells: 0 memorised, 2 levels left

rFire  + . .     SeeInvis .     a - +0 falchion (chaos)
rCold  . . .     Clarity  +     b - +2 leather armour
rNeg   . . .     SustAt   .     (no shield)
rPois  .         Gourm    .     (helmet restricted)
rElec  .         Spirit   .     (no cloak)
rCorr  .         Warding  .     (no gloves)
rMut   .         Stasis   .     (no boots)
MR     .....                    (no amulet)
Stlth  ++........               (no ring)
                                (no ring)

@: not resistant to hostile enchantments, unstealthy
A: horns 1, blurry vision 1, clarity, fire resistance 1, nightstalker 1,
MP-powered wands
a: Renounce Religion


You were on level 2 of the Dungeon.
You worshipped Xom.
You were a special plaything of Xom.
You were very hungry.

You visited 1 branch of the dungeon, and saw 2 of its levels.

You collected 49 gold pieces.

Inventory:

Hand weapons
 a - a +0 falchion of chaos (weapon)
Armour
 b - a +2 leather armour (worn)
Scrolls
 d - 2 scrolls of identify {unknown}
 e - a scroll of random uselessness {unknown}
 h - a scroll of blinking {unknown}
Potions
 j - a potion of agility {unknown}
Comestibles
 c - a bread ration
 f - a slice of pizza
 g - 4 fruits
 i - a beef jerky


   Skills:
 - Level 4.0 Fighting
 + Level 2.9 Long Blades
 - Level 1.7 Armour
 - Level 0.8 Dodging


You had 2 spell levels left.
You didn't know any spells.

Dungeon Overview and Level Annotations

Branches:
Dungeon (2/15)

Altars:


Innate Abilities, Weirdness & Mutations

You have a pair of small horns on your head.
You are slightly more attuned to the shadows.
Scrolls take you a little longer to read.
You possess an exceptional clarity of mind.
Your flesh is heat resistant.
You expend magic power (3 MP) to strengthen your wands.


Message History

You closely miss the goblin.
The goblin is almost dead.
The goblin hits you with an enchanted dagger.
You barely miss the goblin.
The goblin is almost dead.
The goblin misses you.
You closely miss the goblin.
The goblin is almost dead.
The goblin hits you but does no damage.
You hit the goblin. You freeze the goblin.
You kill the goblin!
You have reached level 3!
Your experience leads to an increase in your attributes!
Increase (S)trength, (I)ntelligence, or (D)exterity?
You feel stronger.
Your demonic ancestry asserts itself...
You slip into the darkness of the dungeon.
A kobold comes into view. It is wielding an enchanted dagger.
Found a metallic ruby potion.
Found a stone staircase leading down.
You see here an enchanted dagger.
Are you sure you want to abandon this character and quit the game? (Confirm with "yes".)

...#....
........
.......#
.!.....#
.>.K...#
.......# #+#
#@# #.####§#
#)#..§§#
#.#.#########
#.#..........
#....#######.
##...# #...#
#...#


You could see a kobold (sleeping).

Vanquished Creatures
  2 giant geckos (D:1)
  A ball python (D:1)
  A bat (shapeshifter) (D:1)
  8 goblins
  2 hobgoblins (D:1)
  2 bats (D:1)
  A giant cockroach (D:1)
  5 kobolds (D:1)
  3 rats (D:1)
25 creatures vanquished.

Notes
Turn   | Place    | Note
--------------------------------------------------------------
     0 | D:1      | Monkaria the Demonspawn Chaos Knight began the quest for the Orb.
     0 | D:1      | Reached XP level 1. HP: 18/18 MP: 1/1
    83 | D:1      | Gained mutation: You have a pair of small horns on your head. [demonic ancestry]
    83 | D:1      | Reached XP level 2. HP: 13/24 MP: 2/2
   330 | D:1      | Reached skill level 4 in Fighting
   332 | D:1      | Gained mutation: You possess an exceptional clarity of mind. [mutagenic meat]
   333 | D:1      | Gained mutation: You expend magic power (3 MP) to strengthen your wands. [mutagenic meat]
   334 | D:1      | Gained mutation: Scrolls take you a little longer to read. [mutagenic meat]
   335 | D:1      | Gained mutation: Your flesh is heat resistant. [mutagenic meat]
   692 | D:1      | XOM: divination: detect items
   929 | D:1      | XOM: potion effect (berserk rage)
  1092 | D:2      | XOM: smoke on damage
  1096 | D:2      | Gained mutation: You are slightly more attuned to the shadows. [demonic ancestry]
  1096 | D:2      | Reached XP level 3. HP: 26/30 MP: 3/3
  1098 | D:2      | Quit the game

Vault maps used:
D:1:      dpeg_arrival_rhombi
D:2:      lemuel_upstairs_altar, minmay_rat_hole

Action                   || total
-------------------------++-------
Melee: Falchion          ||    69
  Eat: Chunk             ||     4
